 Dungeon Crawl Stone Soup version 0.28.0-1-gb440e238dd (webtiles) character file.

Game seed: 12087162264927319512

7 fragbeetle the Shooter (level 1, 18/18 HPs)
             Began as a Minotaur Hunter on Feb 23, 2022.
             Quit the game on level 1 of the Dungeon.
             The game lasted 00:00:36 (124 turns).

fragbeetle the Shooter (Minotaur Hunter)             Turns: 124, Time: 00:00:37

Health: 18/18      AC:  3    Str: 16    XL:     1   Next: 91%
Magic:  0/0        EV: 11    Int:  8    God:
Gold:   7          SH:  0    Dex: 10    Spells: 0/0 levels left

rFire   . . .      SeeInvis .   a - +1 shortbow
rCold   . . .      Faith    .   (shield currently unavailable)
rNeg    . . .      Spirit   .   c - +0 leather armour
rPois   .          Reflect  .   (helmet restricted)
rElec   .          Harm     .   (no cloak)
rCorr   .          Rampage  .   (no gloves)
Will    .....                   (no boots)
Stlth   +.........              (no amulet)
HPRegen 0.06/turn               (no ring)
MPRegen 0.07/turn               (no ring)

@: no status effects
A: horns 2, retaliatory headbutt
a: no special abilities


You were on level 1 of the Dungeon.
You visited 1 branch of the dungeon, and saw 1 of its levels.

You collected 7 gold pieces.

Inventory:

Hand Weapons
 a - a +1 shortbow (weapon)
 b - a +0 short sword
Missiles
 d - 17 arrows (quivered ammo)
Armour
 c - a +0 leather armour (worn)
Scrolls
 e - a scroll of identify {unknown}
Potions
 f - a potion of haste {unknown}


   Skills:
 - Level 2.4 Fighting
 * Level 4.9 Bows
 - Level 2.1 Dodging
 - Level 0.7 Stealth


You couldn't memorise any spells.
You didn't know any spells.
Your spell library was empty.

Dungeon Overview and Level Annotations

Branches:
Dungeon (1/15)

Altars:

Shops:
D:1 (


Innate Abilities, Weirdness & Mutations

You have a pair of horns on your head.
You reflexively headbutt those who attack you in melee.


Message History

You shoot an arrow. The arrow barely misses the hobgoblin.
You shoot an arrow. The arrow closely misses the hobgoblin.
You shoot an arrow. The arrow closely misses the hobgoblin.
You shoot an arrow. The arrow hits the hobgoblin!
You kill the hobgoblin!
d - 16 arrows (gained 1)
You see here a hobgoblin corpse.
d - 17 arrows (gained 1)
d - 18 arrows (gained 1)
d - 19 arrows (gained 1) As you open the door, it creaks loudly!
A hobgoblin comes into view.
The hobgoblin shouts!
A hobgoblin is nearby!
You shoot an arrow. The arrow hits the hobgoblin!
You kill the hobgoblin!
No target in view!
There is an open door here.
d - 19 arrows (gained 1)
You now have 7 gold pieces.
Found Othuem's Antique Weapon Emporium.
Found an escape hatch in the floor.
No target in view!
Found a whip.
There is an entrance to Othuem's Antique Weapon Emporium here.
You can access your shopping list by pressing '$'.
Unknown command.
f - a purple potion As you open the door, it creaks loudly!
Found a faded altar of an unknown god.
There is an open door here.
Found a stone staircase leading down.
A frilled lizard comes into view.
A frilled lizard is nearby!
You shoot an arrow. The arrow hits the frilled lizard!
You kill the frilled lizard!
No target in view!
A bat comes into view.
A bat is nearby!
You shoot an arrow. The arrow barely misses the bat.
Are you sure you want to abandon this character and quit the game? (Confirm with "yes".)

#........#.........
#####.......#..........(
............#...........
#####.###'###.>.........
.....)##...##...........
.>.8..##^_^.#...........
#####.##..^.............
. ..##..###....b......
.. ......# #...@..(....
## ####### #...........
. +........... #
#...........
#...........
#...........
..##.#######
#...........#.#
##♣^.P........#


You could see a bat.

Vanquished Creatures
  A dart slug (D:1)
  3 hobgoblins (D:1)
  A frilled lizard (D:1)
5 creatures vanquished.

Notes
Turn   | Place    | Note
-------+----------+-------------------------------------------
     0 | D:1      | fragbeetle the Minotaur Hunter began the quest for the Orb.
     0 | D:1      | Reached XP level 1. HP: 18/18 MP: 0/0
    92 | D:1      | Found Othuem's Antique Weapon Emporium.
   112 | D:1      | Found a faded altar of an unknown god.
   124 | D:1      | Quit the game

Illustrated notes

Levels and vault maps discovered:
D:1:      wander_arrival_fairy_ring, layout_basic,
          ebering_ecumenical_altar_webs, serial_shops, shop, shop_statue, shop,
          shop, shop, supply_closet_lemuel

Action                   || total
-------------------------++-------
 Fire: Shortbow          ||    11
